 Dungeon Crawl Stone Soup version 0.26-a0-597-gb535b0901c (webtiles) character file.

Game seed: 3946388162454519749

943 hickop the Twirler (level 7, -2/40 HPs)
             Began as a Deep Elf Gladiator on Sept 8, 2020.
             Was a Priest of Elyvilon.
             Slain by a wight
             ... wielding a +0 great sword
              (12 damage)
             ... on level 5 of the Dungeon.
             The game lasted 00:20:02 (8396 turns).

hickop the Twirler (Deep Elf Gladiator)             Turns: 8396, Time: 00:20:02

Health: -2/40      AC: 12    Str: 13    XL:     7   Next: 88%
Magic:  9/9        EV:  7    Int: 13    God:    Elyvilon [***...]
Gold:   195        SH:  9    Dex: 16    Spells: 6/6 levels left

rFire    . . .     SeeInvis .   b - +1 dagger (speed)
rCold    . . .     Faith    .   i - +0 buckler
rNeg     . . .     Spirit   .   t - +0 chain mail
rPois    .         Reflect  +   c - +0 helmet
rElec    .         Harm     .   (no cloak)
rCorr    .                      q - +1 pair of gloves
MR       .....                  (no boots)
Stlth    ..........             w - amulet of reflection
HPRegen  0.13/turn              (no ring)
MPRegen  0.11/turn              (no ring)

@: lightly drained
A: no striking features
a: Lesser Healing, Heal Other, Purification, Divine Protection, Renounce
Religion


You were on level 5 of the Dungeon.
You worshipped Elyvilon.
Elyvilon was most pleased with you.
You visited 1 branch of the dungeon, and saw 6 of its levels.

You collected 195 gold pieces.

Inventory:

Hand Weapons
 a - a +0 quarterstaff
 b - a +1 dagger of speed (weapon)
Missiles
 d - 3 throwing nets
 e - 226 stones
 o - 22 poisoned darts (quivered)
Armour
 c - a +0 helmet (worn)
 i - a +0 buckler (worn)
 q - a +1 pair of gloves (worn)
 t - a +0 chain mail (worn)
Jewellery
 h - an uncursed ring of wizardry
 r - an uncursed ring of wizardry
 v - an uncursed amulet of faith
 w - an amulet of reflection (around neck)
 x - an uncursed ring of protection from fire {unknown}
Scrolls
 f - 2 scrolls of teleportation
 j - 4 scrolls of enchant armour
 l - 2 scrolls of fear
 m - a scroll of magic mapping
 u - a scroll of noise {unknown}
 y - a scroll of amnesia {unknown}
 z - a scroll of holy word {unknown}
Potions
 g - a potion of heal wounds
 k - 3 potions of curing
 n - a potion of might {unknown}
 p - a potion of ambrosia {unknown}
 s - a potion of stabbing {unknown}


   Skills:
 + Level 2.6(2.1) Fighting
 + Level 4.8(4.3) Short Blades
 + Level 5.0(4.4) Staves
 + Level 2.2(1.7) Throwing
 + Level 3.1(2.6) Armour
 + Level 4.8(4.3) Dodging
 + Level 2.1(1.6) Stealth
 + Level 1.2(0.7) Shields


You had 6 spell levels left.
You didn't know any spells.
Your spell library contained the following spells:

 Spells                   Type           Power        Failure   Level
 Corona                   Hex            #......      100%        1
 Ensorcelled Hibernation  Hex/Ice        #.....       100%        2
 Confusing Touch          Hex            #.......     100%        3
 Dazzling Flash           Conj/Hex       #.....       100%        3
 Tukima's Dance           Hex            #.......     100%        3


Dungeon Overview and Level Annotations

Branches:
Dungeon (6/15)             Temple (0/1) D:6

Altars:
Dithmenos
Elyvilon
Hepliaklqana
Kikubaaqudgha
Nemelex Xobeh
Qazlal
Sif Muna
Zin

Shops:
D:5 [


Message History

The wight hits you but does no damage.
You hit the wight but do no damage.
The wight is moderately damaged.
You completely miss the wight.
The wight is moderately damaged.
You hit the wight but do no damage.
The wight is moderately damaged.
You block the wight's attack.
You hit the wight but do no damage.
The wight is moderately damaged.
You hit the wight.
The wight is heavily damaged.
The wight hits you with a +0 great sword!
* * * LOW HITPOINT WARNING * * *
You hit the wight but do no damage.
The wight is heavily damaged.
You hit the wight.
The wight is severely damaged.
The wight hits you with a +0 great sword!
You die...

#.##.# ###.## #....#
#.#
##################.#
...................#
####################
....#........#
..###.###.#.##
.......####.######
.#.............z@#
.#.###..###.######
.#.#....# #†#
.#.#....###.#
)#.#....#...#
>#.#.##.#.###
##.#......#
...####.#.#
##.####.#########


You could see a wight.

Vanquished Creatures
  An ice beast (D:5)
  A centaur (D:5)
  A scorpion (D:5)
  A howler monkey (D:6)
  A wight (D:5)
  An orc priest (D:3)
  5 hounds
  3 orc wizards
  Jessica (D:3)
  Natasha (D:2)
  2 worker ants
  8 gnolls
  10 adders
  A white imp (D:5)
  2 oozes
  2 adder skeletons (D:5)
  A worm (D:2)
  5 leopard geckos
  13 orcs
  A ball python (D:3)
  8 bats
  5 giant cockroaches
  3 goblins
  7 hobgoblins
  16 jackals
  8 kobolds
  2 quokkas
  9 frilled lizards
  10 rats
129 creatures vanquished.

Vanquished Creatures (others)
  5 plants (D:1)
5 creatures vanquished.

Grand Total: 134 creatures vanquished

Notes
Turn   | Place    | Note
-------+----------+-------------------------------------------
     0 | D:1      | hickop the Deep Elf Gladiator began the quest for the Orb.
     0 | D:1      | Reached XP level 1. HP: 12/12 MP: 3/3
   510 | D:1      | Reached XP level 2. HP: 6/17 MP: 4/4
  1324 | D:1      | Reached XP level 3. HP: 21/21 MP: 5/5
  1490 | D:1      | Reached skill level 1 in Stealth
  1639 | D:2      | Found a shadowy altar of Dithmenos.
  2046 | D:2      | Found a hazy altar of Hepliaklqana.
  2047 | D:2      | Noticed Natasha
  2057 | D:2      | Reached XP level 4. HP: 22/26 MP: 6/6
  2072 | D:2      | Killed Natasha
  2072 | D:2      | Reached skill level 4 in Staves
  2072 | D:2      | Reached skill level 1 in Armour
  2406 | D:2      | Found an ancient bone altar of Kikubaaqudgha.
  2406 | D:2      | Found a stormy altar of Qazlal.
  2961 | D:2      | Found a glowing silver altar of Zin.
  3004 | D:2      | Found a white marble altar of Elyvilon.
  3012 | D:2      | Became a worshipper of Elyvilon the Healer
  3187 | D:3      | Reached XP level 5. HP: 30/30 MP: 7/7
  3558 | D:3      | Reached * piety under Elyvilon
  3757 | D:3      | Noticed Jessica
  3767 | D:3      | Killed Jessica
  3982 | D:3      | Reached skill level 5 in Staves
  3982 | D:3      | Reached XP level 6. HP: 21/36 MP: 8/8
  4657 | D:4      | Reached skill level 1 in Short Blades
  5284 | D:4      | Reached ** piety under Elyvilon
  6310 | D:5      | Entered Level 5 of the Dungeon
  6351 | D:5      | Reached XP level 7. HP: 28/40 MP: 9/9
  6877 | D:5      | Found a sparkling altar of Nemelex Xobeh.
  7093 | D:5      | Found a shimmering blue altar of Sif Muna.
  7155 | D:5      | Reached skill level 1 in Shields
  7330 | D:5      | Found Wulymiki's Armour Boutique.
  7775 | D:5      | Reached *** piety under Elyvilon
  8040 | D:6      | Found a staircase to the Ecumenical Temple.
  8396 | D:5      | Slain by a wight

Illustrated notes

Levels and vault maps discovered:
D:1:      onia_arrival_pentagram, layout_loops_ring, serial_forest,
          infiniplex_forest_clump_medium, infiniplex_forest_end_double,
          infiniplex_forest_lined_room_, infiniplex_forest_corner_1,
          infiniplex_forest_3_way, infiniplex_forest_straight_4,
          infiniplex_forest_clump_diagonal, infiniplex_forest_clump_small,
          infiniplex_forest_clump_cross
D:2:      layout_basic, lemuel_coloured_pillars_altar, zin_statuary,
          nicolae_dithmenos_through_a_glass_darkly, lemuel_crystal_altar,
          gammafunk_temple_overflow_pools, uniq_natasha
D:3:      kb_forest_paths, layout_basic, uniq_jessica
D:4:      layout_gridville
D:5:      layout_basic, nemelex_xobeh_ov_fountains_minmay, lemuel_crystal_altar,
          serial_shops, shop
D:6:      layout_basic, lightli_temple_of_fire,
          minmay_temple_entry_statues_pillars, serial_shops,
          nicolae_shop_window_shopping, moated_statue

Skill      XL: |  1  2  3  4  5  6  7 |
---------------+----------------------+-----
Dodging        | 4 |  4.8
Stealth        | 1 2 |  2.1
Fighting       | 2 |  2.6
Staves         | 4 5 |  5.0
Armour         | 1 2 3 |  3.1
Short Blades   | 3 4 |  4.8
Shields        | 1 |  1.2
Throwing       | |  2.2

Action                   |  1- 3 |  4- 6 |  7- 9 || total
-------------------------+-------+-------+-------++-------
Melee: Quarterstaff      |   125 |    72 |       ||   197
       Dagger            |       |   438 |   362 ||   800
Throw: Throwing net      |     1 |       |       ||     1
Invok: Lesser Healing    |       |     1 |     2 ||     3
       Divine Protection |       |     1 |       ||     1
  Use: Scroll            |     3 |     5 |     2 ||    10
       Potion            |       |     1 |       ||     1
 Stab: Held in net/web   |     1 |       |       ||     1
       Sleeping          |     2 |     3 |       ||     5
Armor: Leather armour    |    27 |       |       ||    27
       Ring mail         |       |   134 |       ||   134
       Chain mail        |       |    29 |    80 ||   109
Dodge: Dodged            |    91 |   255 |    50 ||   396
Block: Buckler           |       |    61 |    67 ||   128

Table legend: (Time is in decaauts)
 A = Elapsed time spent in this place.
 B = Non-inter-level travel time spent in this place.
 C = Inter-level travel time spent in this place.
 D = Time resting spent in this place.
 E = Time spent auto-exploring this place.
 F = Levels seen in this place.
 G = Mean time per level.
                   A        B        C        D        E       F      G
               +--------+--------+--------+--------+--------+-----+--------+
         Total |   8105 |   7916 |    189 |    800 |   5719 |   6 | 1350.8 |
       Dungeon |   8105 |   7916 |    189 |    800 |   5719 |   6 | 1350.8 |
               +--------+--------+--------+--------+--------+-----+--------+

Top non-repeatable levels by time:
     D:5: 1812 daAuts
     D:1: 1650 daAuts
     D:4: 1616 daAuts
     D:2: 1472 daAuts
     D:3: 1452 daAuts
     D:6: 102 daAuts
